[Event "*** Titled Tuesday Blitz"]
[Site "Chess.com"]
[Date "2020.03.03"]
[Round "5"]
[White "ChessWarrior7197"]
[Black "gena217"]
[Result "1-0"]
[WhiteElo "2893"]
[BlackElo "3007"]
[TimeControl "180+1"]
[EndTime "9:51:46 PST"]
[Termination "ChessWarrior7197 won by resignation"]

1. e4 e5 2. Nf3 Nc6 3. Bb5 Nf6 4.
O-O Nxe4 5. Re1 Nd6 6. Nxe5 Be7 7. Bf1 Nxe5 8. Rxe5 O-O 9. Nc3 Bf6 10. Re1 Re8 11. Nd5 Rxe1 12. Qxe1 b6 13. Nxf6+ Qxf6 14. d3 Bb7 15. Qc3 Qxc3 16. bxc3 f6 17. c4 Kf7 18.
a4 Nf5 19. a5 Nd4 20. Ra2 bxa5 21. Be3 Nc6 22. c3 Rb8 23. d4 Ba6 24. Ra1 Rb3 25.
Bd2 Rb2 26. Bf4 d6 27. d5 Ne5 28. Bxe5 fxe5 29. Rxa5 Bb7 30. Rxa7 Ke7 31. f3 Kd7 32. Bd3 g6 33. h4 Ke7 34. Be4 Kf6 35. Kh2 h6 36. Kg3 g5 37. hxg5+ hxg5 38. Ra1 Rb3 39. Ra7 Rb2 40. c5 dxc5 41. Ra5 Ke7 42. Rxc5 Kd6 43. Ra5 Rb3 44. c4 Rc3 45. Ra7 Bc8 46. Ra8 Bd7 47. Rg8 Rxc4 48. Rg6+ Ke7 49. Rxg5 Kf6 50. Rg6+ Kf7 51.
Rh6 Bc8 52. d6 Kg7 53. Rh7+ Kg8 54. d7 1-0

[Event "*** Titled Tuesday Blitz"]
[Site "Chess.com"]
[Date "2020.03.03"]
[Round "5"]
[White "Resignify"]
[Black "SlavenPastar"]
[Result "0-1"]
[WhiteElo "2257"]
[BlackElo "2482"]
[TimeControl "180+1"]
[EndTime "9:51:46 PST"]
[Termination "SlavenPastar won on time"]

1. e4 b6 2. Nc3 Bb7 3. d3 e6 4.
g3 Nf6 5. Bg2 d5 6. Bg5 Be7 7.
e5 Nfd7 8. Bxe7 Qxe7 9. d4 c5 10. Nb5 O-O 11. Nc7 cxd4 12. Nxa8 Qb4+ 13. Kf1 Bxa8 14.
Ne2 Nc6 15. c3 dxc3 16. bxc3 Qc5 17. f4 Na5 18. Qd4 Qc7 19. Kf2 Nc4 20. Rhc1 Nb8 21. Qd3 a5 22. Nd4 Bb7 23. Bf1 Ba6 24. Qf3 Qc5 25.
Kg2 Nc6 26. Nxc6 Qxc6 27. Rab1 Qc5 28. Qf2 Ne3+ 29. Kf3 Bxf1 30. Rxf1 Nxf1 31. Qxc5 bxc5 32. Rxf1 Rb8 33. Rf2 Kf8 34. Ke3 a4 35. Kd3 a3 36.
Rc2 Ke7 37. Kd2 Kd7 38. Kc1 Kc6 39. Kd2 Kb5 40. h3 Kc4 41. Ke3 Rb2 42. Kd2 Rxc2+ 43.
Kxc2 d4 44. cxd4 cxd4 45. Kd2 d3 46. g4 Kd4 47. f5 Kc4 48. fxe6 fxe6 49. h4 Kd4 50. h5 h6 51. Kd1 Kc3 52. Kc1 Kc4 53. Kd2 Kd4 54. Kd1 Kxe5 55. Kd2 Kd4 56. Kd1 e5 57.
Kd2 e4 58. Kd1 e3 59. Ke1 Kc3 60. Kd1 Kb2 61. Ke1 Kxa2 62. Kd1 Kb3 63. Kc1 Kc3 64. Kb1 Kb3 65. Kc1 a2 0-1

[Event "*** Titled Tuesday Blitz"]
[Site "Chess.com"]
[Date "2020.03.03"]
[Round "5"]
[White "annacramling"]
[Black "GodDMuhammad"]
[Result "0-1"]
[WhiteElo "1927"]
[BlackElo "2343"]
[TimeControl "180+1"]
[EndTime "9:51:49 PST"]
[Termination "GodDMuhammad won on time"]

1. d4 Nf6 2. c4 e6 3. Nc3 d5 4. cxd5 exd5 5. Bg5 c6 6. e3 Be7 7. Bd3 h6 8. Bh4 Bg4 9. Qc2 Nbd7 10. f3 Be6 11.
Bf2 Rc8 12. Nge2 c5 13. O-O O-O 14. Rad1 a6 15. Qd2 c4 16. Bb1 b5 17. a3 Qb6 18. e4 a5 19. Qc2 g6 20. Nf4 Rfd8 21. Ncxd5 Bxd5 22. exd5 Nf8 23. Rfe1 Bd6 24. Bg3 Kg7 25.
Ne2 Nxd5 26. Bxd6 Qxd6 27. Ng3 b4 28. Ne4 Qf4 29. Qd2 c3 30. Qxf4 Nxf4 31. bxc3 bxc3 32.
Bc2 N8e6 33. Re3 Nxd4 34. Nxc3 Nxc2 35. Rxd8 Rxd8 0-1

[Event "*** Titled Tuesday Blitz"]
[Site "Chess.com"]
[Date "2020.03.03"]
[Round "5"]
[White "Astaneh"]
[Black "Chessalary"]
[Result "1-0"]
[WhiteElo "2567"]
[BlackElo "2228"]
[TimeControl "180+1"]
[EndTime "9:51:50 PST"]
[Termination "Astaneh won on time"]

1. e4 c5 2. Nc3 d6 3. f4 g6 4.
Bc4 Bg7 5. Nf3 Nc6 6. O-O e6 7.
d3 Nge7 8. Qe1 O-O 9. f5 gxf5 10. Qh4 Ng6 11. Qh5 fxe4 12. Bg5 f6 13. Nxe4 d5 14. Bb3 dxe4 15. dxe4 Nd4 16. Rad1 fxg5 17. Nxg5 h6 18. Rxf8+ Qxf8 19. Rf1 Ne2+ 20. Qxe2 Qe7 21. Nf7 Bd7 22. Qg4 Bd4+ 23. Kh1 Qxf7 24. Rxf7 Kxf7 25. c3 Be5 26. Qf5+ Kg7 27. Qh5 Rf8 28. g3 Bc6 29. Bc2 Rf2 30.
Qd1 Rf7 31. Kg1 Rd7 32. Qe2 Rf7 33. Bb3 Rf6 34. Qe3 b6 35. Bc2 Ne7 36. Qe2 Nc8 37.
Qh5 Bc7 38. e5 Rf7 39. Qg6+ Kf8 40. Qxe6 Ne7 41. Bb3 Rf3 42. Qxh6+ Ke8 43. Ba4 Bxa4 44. Qh5+ Rf7 45. e6 1-0

[Event "*** Titled Tuesday Blitz"]
[Site "Chess.com"]
[Date "2020.03.03"]
[Round "5"]
[White "rpragchess"]
[Black "marcodobrikov"]
[Result "1-0"]
[WhiteElo "2782"]
[BlackElo "2569"]
[TimeControl "180+1"]
[EndTime "9:51:52 PST"]
[Termination "rpragchess won by checkmate"]

1. Nf3 c5 2. b3 d5 3. e3 Nc6 4.
Bb5 Bd7 5. Bb2 f6 6. c4 e6 7. cxd5 exd5 8. O-O a6 9. Be2 Bd6 10. d4 Nge7 11. dxc5 Bxc5 12. Nc3 Be6 13. Rc1 Ba7 14. Na4 Qd6 15. a3 O-O 16. b4 Rac8 17. Nc5 Bxc5 18.
Rxc5 Ne5 19. Nd4 Bf7 20. Nb3 Rxc5 21. Nxc5 Qc7 22. Bd4 Nc4 23. a4 Nc6 24. Bc3 Rd8 25. Bd3 Nxb4 26. Bxb4 a5 27. Nxb7 Qxb7 28. Bc3 Qc7 29.
Bd4 Rb8 30. Qc2 Rb4 31. Bxh7+ Kh8 32. Qf5 Rxa4 33. Qh3 Rb4 34. Bg6+ Kg8 35. Qh7+ Kf8 36.
Qh8+ Ke7 37. Qxg7 Ke8 38. Qg8+ Kd7 39. Qxf7+ Kc8 40. Bf5+ Kb8 41. Qxd5 Nd6 42. Bg4 Rb5 43. Qg8+ Kb7 44. Bf3+ Ka6 45. Qa8+ Qa7 46. Qxa7# 1-0

[Event "*** Titled Tuesday Blitz"]
[Site "Chess.com"]
[Date "2020.03.03"]
[Round "5"]
[White "Grieve72"]
[Black "saraswathii"]
[Result "1-0"]
[WhiteElo "2406"]
[BlackElo "2230"]
[TimeControl "180+1"]
[EndTime "9:51:53 PST"]
[Termination "Grieve72 won on time"]

1. e4 c5 2. Nf3 e6 3. d4 cxd4 4. Nxd4 Nf6 5. Nc3 Nc6 6. Nxc6 bxc6 7. e5 Nd5 8. Ne4 f5 9. exf6 Nxf6 10. Nd6+ Bxd6 11.
Qxd6 Qe7 12. Bf4 Qxd6 13. Bxd6 Ne4 14. Be5 Kf7 15. f3 Nc5 16. O-O-O d5 17. f4 Bb7 18.
Bd3 h6 19. Rhf1 Nxd3+ 20. Rxd3 Raf8 21. Ra3 Ra8 22. g4 Rhf8 23. h4 Kg8 24. h5 Rf7 25. b4 a6 26. Ra5 Raf8 27. Rf3 Rd7 28. Rc3 Rc8 29. Kd2 Rdd8 30. Ke3 Rd7 31. Kd4 Rf8 32. a4 Rc8 33. Kc5 Re7 34. Kb6 Rd7 35. Rac5 Rf8 36. b5 axb5 37. axb5 cxb5 38. Rc7 1-0

[Event "*** Titled Tuesday Blitz"]
[Site "Chess.com"]
[Date "2020.03.03"]
[Round "5"]
[White "Sunnika"]
[Black "Timurist"]
[Result "1-0"]
[WhiteElo "2405"]
[BlackElo "2229"]
[TimeControl "180+1"]
[EndTime "9:51:54 PST"]
[Termination "Sunnika won by resignation"]

1. d4 Nf6 2. c4 c5 3. d5 b5 4. Qc2 g6 5. e4 d6 6. cxb5 a6 7. Nc3 Bg7 8. Nf3 O-O 9. a4 axb5 10. Bxb5 Ba6 11. Rb1 Bxb5 12. axb5 Nfd7 13. O-O Nf6 14. Bg5 Nbd7 15. Nd2 Nb6 16. Ra1 Qd7 17. Ra6 Rxa6 18. bxa6 Ra8 19. Ra1 Ne8 20. Qd3 Nc7 21. Nc4 Nxc4 22.
Qxc4 Ra7 23. Ra5 Qc8 24. Bxe7 Rxa6 25. Rxa6 Nxa6 26. Bxd6 Bd4 27. h3 f5 28. e5 Qb7 29.
Na4 Nb4 30. e6 Nxd5 31. e7 Kf7 32. Nxc5 Bxc5 33. Bxc5 Ke8 34. Qd4 Nxe7 35. Qh8+ Kd7 36. Qxh7 Ke6 37. Qxe7+ Qxe7 38. Bxe7 Kxe7 1-0

[Event "*** Titled Tuesday Blitz"]
[Site "Chess.com"]
[Date "2020.03.03"]
[Round "5"]
[White "Parhamov"]
[Black "Keranke"]
[Result "1-0"]
[WhiteElo "3059"]
[BlackElo "2798"]
[TimeControl "180+1"]
[EndTime "9:51:57 PST"]
[Termination "Parhamov won by resignation"]

1. e4 g6 2. d4 Bg7 3. Nc3 d6 4. h3 a6 5. a4 b6 6. g4 Bb7 7.
Bg2 e6 8. Nge2 Ne7 9. Be3 Nd7 10. Qd2 c5 11. Rd1 cxd4 12. Nxd4 Ne5 13. b3 Rc8 14. Nde2 d5 15. f4 Nd7 16. exd5 Nxd5 17. Nxd5 Bxd5 18. Bxd5 exd5 19. Qxd5 Qe7 20. Rd3 Nf6 21. Qe5 Qxe5 22. fxe5 Nd7 23. Bd4 Rxc2 24. e6 Ne5 25. Re3 f6 26. g5 Nc6 27. Bxf6 Rg8 28. O-O Bf8 29. e7 Bxe7 30. Nd4 Nxd4 31. Rxe7+ Kf8 32. Rb7 Ne2+ 33. Kg2 Nf4+ 34. Kf3 Nd5 35.
Ke4 Nxf6+ 36. Rxf6+ 1-0

[Event "*** Titled Tuesday Blitz"]
[Site "Chess.com"]
[Date "2020.03.03"]
[Round "5"]
[White "shanemelaughcm"]
[Black "MixMasterChess"]
[Result "1-0"]
[WhiteElo "2254"]
[BlackElo "2088"]
[TimeControl "180+1"]
[EndTime "9:51:59 PST"]
[Termination "shanemelaughcm won on time"]

1. e4 e6 2. d4 d5 3. Nd2 c5 4. dxc5 Bxc5 5. exd5 Qxd5 6. Ngf3 Nf6 7. Be2 O-O 8. O-O Bd7 9. c3 Bc6 10. Qc2 Bb6 11. Rd1 Nbd7 12. Nf1 Qf5 13. Bd3 Be4 14. Ng3 Bxd3 15. Rxd3 Qg6 16. Qe2 Ng4 17. h3 Nxf2 18. Rxd7 Qxg3 19. Kf1 Rad8 20. Rxd8 Rxd8 21. Be3 Bxe3 22.
Qxe3 Nh1 23. Qg1 Qg6 24. Qxh1 Qd3+ 25. Kg1 Qc2 26. Kh2 Qxb2 27. Qc1 Qf2 28. Rb1 b6 29. a4 Rc8 30. Qg5 h6 31. Qe5 Qc2 32. Rb5 Rxc3 33. Qb8+ Kh7 34. Qf4 Rc4 35. Qg3 1-0

[Event "*** Titled Tuesday Blitz"]
[Site "Chess.com"]
[Date "2020.03.03"]
[Round "5"]
[White "Touching3200"]
[Black "David_Paravyan"]
[Result "1-0"]
[WhiteElo "2441"]
[BlackElo "2818"]
[TimeControl "180+1"]
[EndTime "9:52:01 PST"]
[Termination "Touching3200 won by resignation"]

1. d4 Nf6 2. Bf4 c5 3. e3 Qb6 4. Nc3 a6 5. Rb1 e6 6. Nf3 d5 7. Bd3 Nc6 8. O-O c4 9. Be2 Qa5 10. a3 b5 11. Ne5 Bb7 12. Qe1 Qd8 13. Bg5 Be7 14. f4 h6 15. Bh4 Nd7 16. Bf2 O-O 17. Bf3 Ncxe5 18. fxe5 f6 19. Bg4 f5 20. Bh5 Bc6 21.
g4 Nb6 22. Ne2 Be8 23. Nf4 Qd7 24. Qe2 Bg5 25. Ng6 Bxg6 26. Bxg6 f4 27. exf4 Rxf4 28. Be3 Rxf1+ 29. Rxf1 Bxe3+ 30. Qxe3 Rf8 31. Bh7+ Kxh7 32. Rxf8 Qe7 33. Qf4 c3 34. b3 Qxa3 35. Re8 Qa1+ 36.
Qf1 Qxf1+ 37. Kxf1 a5 38. Rxe6 Nd7 39. Rd6 Nf8 40. e6 Ng6 41. Rxd5 a4 42. bxa4 b4 1-0

[Event "*** Titled Tuesday Blitz"]
[Site "Chess.com"]
[Date "2020.03.03"]
[Round "5"]
[White "124chess"]
[Black "BeanScreen"]
[Result "1-0"]
[WhiteElo "2476"]
[BlackElo "2635"]
[TimeControl "180+1"]
[EndTime "9:52:01 PST"]
[Termination "124chess won by checkmate"]

1. c4 e5 2. Nc3 Nf6 3. g3 Bc5 4. Bg2 O-O 5. e3 Re8 6. Nge2 Nc6 7. O-O d6 8. a3 a6 9. b4 Ba7 10. Bb2 Bg4 11. h3 Bh5 12. g4 Bxg4 13. hxg4 Nxg4 14. f3 Nxe3 15. dxe3 Bxe3+ 16. Rf2 Qh4 17. Qe1 Re6 18. Nd5 Ba7 19. Rc1 Rg6 20. c5 Rd8 21.
Rf1 dxc5 22. Qxh4 cxb4+ 23. Rf2 Rxd5 24. axb4 Rd2 25. Rxc6 Rxc6 26. Bxe5 f6 27. Bd4 Rc4 28. Qh5 Rxe2 29. Qd5+ Kf8 30. Qxc4 Re1+ 31. Rf1 b5 32. Bc5+ Bxc5+ 33. Qxc5+ Re7 34. Re1 Kg8 35. Rxe7 h6 36.
Qxc7 Kh7 37. Rxg7+ Kh8 38. Qf7 h5 39. Rg8# 1-0

[Event "*** Titled Tuesday Blitz"]
[Site "Chess.com"]
[Date "2020.03.03"]
[Round "5"]
[White "isla88"]
[Black "korbul"]
[Result "1-0"]
[WhiteElo "2303"]
[BlackElo "2539"]
[TimeControl "180+1"]
[EndTime "9:52:02 PST"]
[Termination "isla88 won by resignation"]

1. c4 e6 2. Nc3 d5 3. e3 Nf6 4.
Nf3 Nbd7 5. b3 c6 6. Bb2 Bd6 7. d4 Qe7 8. Be2 dxc4 9. bxc4 e5 10. Qb3 e4 11. Nd2 Nf8 12. c5 Bc7 13. a4 Ng6 14. a5 Nh4 15. g3 Ng6 16. a6 Rb8 17.
axb7 Rxb7 18. Qc2 O-O 19. h4 h5 20. Ba6 Rxb2 21. Qxb2 Bg4 22. Be2 Bb8 23. Bxg4 Nxg4 24.
Rb1 Qe6 25. Ncxe4 Qf5 26. O-O Nf6 27. Nxf6+ gxf6 28. Qb7 Qh3 29. Qxc6 Nxh4 30. Qh1 Qf5 31. Qxh4 Qd3 32. Nf3 Kg7 33. Qxh5 Rh8 34. Qg4+ Kh7 35. Kg2 1-0

[Event "*** Titled Tuesday Blitz"]
[Site "Chess.com"]
[Date "2020.03.03"]
[Round "5"]
[White "Oligan22"]
[Black "viktorko131"]
[Result "1-0"]
[WhiteElo "2391"]
[BlackElo "2106"]
[TimeControl "180+1"]
[EndTime "9:52:03 PST"]
[Termination "Oligan22 won on time"]

1. e4 c5 2. Nf3 Nc6 3. d4 cxd4 4. Nxd4 Nf6 5. Nc3 e5 6. Ndb5 d6 7. Nd5 Nxd5 8. exd5 Ne7 9. c4 Nf5 10. Bd3 Be7 11.
O-O O-O 12. a4 a6 13. Nc3 Nd4 14. a5 f5 15. Be3 b5 16. cxb5 axb5 17. Bxd4 exd4 18. Nxb5 Rxa5 19. Nxd4 Bf6 20. Nc6 Rxa1 21. Qxa1 Qb6 22. Rb1 Re8 23. g3 f4 24. Qa3 fxg3 25. hxg3 Bg4 26. Qxd6 Kh8 27. Qf4 h5 28. b4 Bc3 29. Qc4 Be1 30. Qd4 Qc7 31. Kg2 Qd7 32.
Be4 Bd2 33. Qxd2 Rxe4 34. f3 Bh3+ 35. Kh2 Rc4 36. Ne5 1-0

[Event "*** Titled Tuesday Blitz"]
[Site "Chess.com"]
[Date "2020.03.03"]
[Round "5"]
[White "Volodar_Murzin"]
[Black "elohunter1999"]
[Result "1-0"]
[WhiteElo "2688"]
[BlackElo "2445"]
[TimeControl "180+1"]
[EndTime "9:52:04 PST"]
[Termination "Volodar_Murzin won by resignation"]

1. e4 c5 2. Nf3 Nc6 3. Bb5 g6 4.
Bxc6 bxc6 5. O-O Bg7 6. d3 Nh6 7. Nbd2 O-O 8. Re1 f5 9. Nc4 d6 10. h3 e5 11. a3 a5 12. Rb1 f4 13. b4 axb4 14. axb4 cxb4 15. d4 Be6 16. Qd3 Nf7 17. dxe5 Nxe5 18. Ncxe5 dxe5 19. Rxb4 Qe7 20. Qc3 Rfb8 21.
Ba3 Rxb4 22. Bxb4 Qc7 23. Rd1 c5 24. Qxc5 Qxc5 25. Bxc5 Rc8 26. Bd6 Rd8 27. Rd2 h6 28. Kf1 Bc4+ 29. Ke1 Kf7 30. Bxe5 Rxd2 31. Nxd2 Bxe5 32.
Nxc4 Bd4 33. Ke2 Ke6 34. f3 g5 35. Kd3 Bc5 36. Nd2 Bb6 37. Nb3 h5 38. c4 Bc7 39. c5 Ke5 40. Kc4 g4 41. Nd4 g3 42.
Nb5 Bd8 43. c6 1-0

[Event "*** Titled Tuesday Blitz"]
[Site "Chess.com"]
[Date "2020.03.03"]
[Round "5"]
[White "bgfbfbgfbgfgf"]
[Black "vugarrasulov"]
[Result "0-1"]
[WhiteElo "2643"]
[BlackElo "2893"]
[TimeControl "180+1"]
[EndTime "9:52:06 PST"]
[Termination "vugarrasulov won by resignation"]

1. e4 c5 2. Nf3 d6 3. d4 cxd4 4. Nxd4 Nf6 5. Nc3 a6 6. h3 e6 7. g4 h6 8. Bg2 g5 9. b3 Nbd7 10. Bb2 Ne5 11. Qd2 b5 12. O-O-O Bb7 13. Nce2 Qc7 14.
Ng3 Be7 15. f3 O-O-O 16. Kb1 d5 17. f4 gxf4 18. Qxf4 Ng6 19. Qxc7+ Kxc7 20. exd5 Nxd5 21. Rhe1 Bb4 22. Rf1 Rhf8 23. Bxd5 Rxd5 24. Nh5 Be7 25.
Rde1 Bh4 26. Re2 Bc8 27. Nf6 Bxf6 28. Rxf6 e5 29. Nf3 Rd1+ 30. Bc1 Rf1 31. Re3 Bb7 32.
h4 e4 33. h5 Rxf3 34. Rc3+ Rxc3 0-1

[Event "*** Titled Tuesday Blitz"]
[Site "Chess.com"]
[Date "2020.03.03"]
[Round "5"]
[White "swayamsm"]
[Black "FelixJoseYnojosa"]
[Result "0-1"]
[WhiteElo "2484"]
[BlackElo "2683"]
[TimeControl "180+1"]
[EndTime "9:52:07 PST"]
[Termination "FelixJoseYnojosa won by resignation"]

1. d4 Nf6 2. Nf3 e6 3. Bf4 c5 4. e3 Nc6 5. Nbd2 d5 6. c3 Nh5 7. Bg3 Be7 8. Bd3 O-O 9. Be5 Nxe5 10. dxe5 f5 11. h3 g6 12. g4 Ng7 13. Qe2 Rb8 14. O-O-O b5 15. gxf5 c4 16. f6 cxd3 17. Qxd3 Bxf6 18. exf6 Qxf6 19. a3 a5 20. Qd4 Qe7 21. Ne5 Nf5 22. Qg4 Qc7 23. Nxg6 hxg6 24. Qxg6+ Ng7 25. Rhg1 b4 26. axb4 axb4 27. c4 b3 28. Rg3 Ra8 29. Nxb3 Qxc4+ 30. Kd2 Qb4+ 31. Kc2 Rf7 32. Rd3 e5 33. e4 Qxe4 34. Qxe4 dxe4 35. Rd8+ Kh7 36. Nc5 e3 37. fxe3 Bf5+ 38. e4 Rxd8 39. exf5 Rxf5 40. Rxg7+ Kxg7 41. Ne6+ Kf6 42. Nxd8 Rh5 43.
Nc6 Ke6 44. Nb4 Rxh3 45. Nd3 Kd5 46. Kd2 Kd4 47. Nf2 Rh2 48. Ke1 e4 49. b4 e3 50.
Ng4 Rb2 51. b5 Rxb5 52. Ke2 Rb2+ 53. Kf3 Ra2 54. Kg3 Kd3 55. Ne5+ Ke2 56. Ng4 Ra8 57. Nf6 Kd1 58. Nd5 e2 59. Nc3+ Kd2 0-1

[Event "*** Titled Tuesday Blitz"]
[Site "Chess.com"]
[Date "2020.03.03"]
[Round "5"]
[White "Jungle_Jaguar"]
[Black "Noam_Vitenberg"]
[Result "0-1"]
[WhiteElo "2578"]
[BlackElo "2423"]
[TimeControl "180+1"]
[EndTime "9:52:08 PST"]
[Termination "Noam_Vitenberg won by checkmate"]

1. e4 c6 2. d4 d5 3. exd5 cxd5 4. Bd3 Nc6 5. c3 Nf6 6. Bf4 Bg4 7. Qb3 Qd7 8. Nd2 e6 9. Ngf3 Bxf3 10. Nxf3 Bd6 11. Be3 O-O 12. h3 Ne4 13. Bxe4 dxe4 14. Ng5 Na5 15. Qd1 f5 16. d5 e5 17. Ne6 Rf7 18.
Bc5 Nc4 19. Qe2 Bxc5 20. Qxc4 Bb6 21. Ng5 Rc8 22. Qb3 Rf6 23. Rd1 e3 24. fxe3 Bxe3 25. Nf3 Qd6 26. Qxb7 Rb8 27. Qc6 Rxb2 28. Qxd6 Rxd6 29.
Nxe5 Rxa2 30. Nc4 Bf2+ 31. Kf1 Rd7 32. g4 Bg3 33. gxf5 Rc7 34. Kg1 Rxc4 35. h4 Bd6 36.
Rh3 Rg4+ 37. Kh1 Rgg2 38. c4 Kf7 39. Rc3 Rh2+ 40. Kg1 Bc5+ 41. Kf1 Rh1# 0-1

[Event "*** Titled Tuesday Blitz"]
[Site "Chess.com"]
[Date "2020.03.03"]
[Round "5"]
[White "Abund"]
[Black "Boorchess"]
[Result "1-0"]
[WhiteElo "2708"]
[BlackElo "2516"]
[TimeControl "180+1"]
[EndTime "9:52:09 PST"]
[Termination "Abund won by resignation"]

1. Nf3 Nf6 2. c4 c5 3. Nc3 e6 4. g3 b6 5. Bg2 Bb7 6. O-O a6 7. d4 cxd4 8. Qxd4 d6 9. Rd1 Nbd7 10. b3 Qc7 11. Bb2 Be7 12. Rac1 O-O 13. e4 Rac8 14.
Qe3 Rfe8 15. h3 Nc5 16. Nd4 Qb8 17. b4 Ncd7 18. Nb1 d5 19. cxd5 Rxc1 20. Qxc1 exd5 21.
exd5 Bxb4 22. Nc6 Qd6 23. Nxb4 Qxb4 24. Ba3 Qa4 25. Nc3 Qa5 26. Qb2 b5 27. Bb4 Qb6 28.
Ba3 Ne5 29. Qb4 Nc4 30. Bc1 Nd6 31. Bf4 Rd8 32. Be3 Qc7 33. Rc1 Nc4 34. Bf4 Qd7 35.
a4 Nxd5 36. Nxd5 Bxd5 37. Rd1 Qc6 38. Qe7 Re8 39. Bxd5 1-0

[Event "*** Titled Tuesday Blitz"]
[Site "Chess.com"]
[Date "2020.03.03"]
[Round "5"]
[White "Grandelicious"]
[Black "Shant_Sargsyan"]
[Result "1/2-1/2"]
[WhiteElo "2704"]
[BlackElo "3011"]
[TimeControl "180+1"]
[EndTime "9:52:10 PST"]
[Termination "Game drawn - insufficient material"]

1. Nf3 d5 2. g3 g6 3. c4 dxc4 4. Na3 Bg7 5. Nxc4 Nc6 6. d3 e5 7. Bd2 a5 8. h4 h5 9. Bc3 f6 10. d4 e4 11. d5 Nce7 12. Nfd2 Nxd5 13. Nxe4 Nxc3 14. Qxd8+ Kxd8 15. Nxc3 c6 16. Nd6 Ke7 17. O-O-O Nh6 18. Na4 Rb8 19. Nxc8+ Rhxc8 20. Bh3 Rd8 21.
Nc5 f5 22. Rxd8 Rxd8 23. b3 b6 24. Nd3 Nf7 25. Rd1 Rd6 26. Kc2 Nd8 27. Nf4 Rxd1 28. Kxd1 Kf7 29. Bg2 Be5 30. Nd3 Bd6 31.
e4 fxe4 32. Bxe4 Kf6 33. Ke2 c5 34. Nb2 Ne6 35. Nc4 Bc7 36. Ne3 Bd8 37. f4 b5 38.
Nd5+ Kg7 39. Bd3 c4 40. bxc4 b4 41. Bc2 Nc5 42. f5 g5 43. hxg5 Bxg5 44. Nb6 Kf6 45. Na4 Nxa4 46. Bxa4 Kxf5 47. Kf3 Ke5 48. Be8 h4 49.
gxh4 Bxh4 50. Ke2 Kd4 51. Kd1 Kc3 52. c5 Kb2 53. Bf7 Bg3 54. c6 a4 55. Ke2 Kc3 56. Kf3 Bc7 57. Ke4 b3 58. Bxb3 axb3 59. axb3 Kxb3 60. Kd5 Kb4 61. Ke6 Kb5 62. Kd7 Kb6 63.
Ke6 Kxc6 1/2-1/2

[Event "*** Titled Tuesday Blitz"]
[Site "Chess.com"]
[Date "2020.03.03"]
[Round "5"]
[White "Galileo22"]
[Black "HarryCun"]
[Result "1-0"]
[WhiteElo "2301"]
[BlackElo "2097"]
[TimeControl "180+1"]
[EndTime "9:52:10 PST"]
[Termination "Galileo22 won by checkmate"]

1. e3 Nf6 2. Nc3 e6 3. b3 b6 4. Bb2 Bb7 5. f4 Be7 6. Nf3 c5 7. g3 Nc6 8. Bg2 d5 9. O-O O-O 10. Ne5 Rc8 11. Ne2 Nd7 12. d4 cxd4 13. exd4 f5 14.
Rc1 Nf6 15. c4 Ne4 16. Nc3 Bf6 17. Nxe4 fxe4 18. Qg4 Qe7 19. Bh3 Rfe8 20. Rfe1 Nxe5 21. dxe5 Qc5+ 22. Kh1 Be7 23. Qxe6+ Kh8 24. cxd5 Qxd5 25. Qxd5 Bxd5 26. Rxc8 Rxc8 27. Bxc8 Bc5 28. Bh3 Kg8 29. Bg2 Kf7 30. Bxe4 Be6 31. f5 Bc8 32. Bd5+ Kf8 33.
f6 gxf6 34. exf6 Bd7 35. f7 Bd6 36. Kg2 h5 37. h3 a5 38. g4 hxg4 39. hxg4 b5 40.
g5 Ba3 41. Bxa3+ b4 42. Bb2 a4 43. g6 Be6 44. g7+ Kxf7 45. Bxe6+ Ke7 46. g8=Q a3 47.
Bf6+ Kd6 48. Qf7 Kc6 49. Qd7+ Kb6 50. Bd4+ Ka6 51. Qa7+ Kb5 52. Bd7# 1-0

[Event "*** Titled Tuesday Blitz"]
[Site "Chess.com"]
[Date "2020.03.03"]
[Round "5"]
[White "Berardino"]
[Black "Zkid"]
[Result "0-1"]
[WhiteElo "2643"]
[BlackElo "2875"]
[TimeControl "180+1"]
[EndTime "9:52:11 PST"]
[Termination "Zkid won by checkmate"]

1. e4 e6 2. d3 d5 3. Nd2 Nf6 4. Ngf3 c5 5. g3 g6 6. Bg2 Bg7 7. O-O O-O 8. Re1 Nc6 9. c3 b5 10. exd5 exd5 11. a4 b4 12. Nb3 bxc3 13. bxc3 c4 14.
dxc4 dxc4 15. Nbd4 Bd7 16. Bf4 Nd5 17. Bd2 Qa5 18.
Nxc6 Bxc6 19. Ne5 Bxe5 20. Rxe5 Rfe8 21. Qe1 Qc7 22. Rxe8+ Rxe8 23. Qf1 Nb6 24. a5 Nd7 25. Qxc4 Ne5 26. Bf4 Qb7 27. Bxc6 Nxc6 28. a6 Qd7 29. Qc5 Ne7 30. Re1 Nf5 31. Rxe8+ Qxe8 32. Qxa7 Qe1+ 33. Kg2 Qe4+ 34. f3 Qe2+ 35. Kh3 h5 36.
Qb8+ Kh7 37. Qb7 Qf1# 0-1

[Event "*** Titled Tuesday Blitz"]
[Site "Chess.com"]
[Date "2020.03.03"]
[Round "5"]
[White "jmduque"]
[Black "Roman_Ovetchkin"]
[Result "1-0"]
[WhiteElo "2454"]
[BlackElo "2616"]
[TimeControl "180+1"]
[EndTime "9:52:13 PST"]
[Termination "jmduque won on time"]

1. e4 c6 2. Nf3 d5 3. d3 Bg4 4.
Be2 e6 5. Nfd2 Bxe2 6. Qxe2 g6 7.
O-O Bg7 8. c3 Ne7 9. f4 O-O 10.
Nf3 c5 11. Be3 Qc7 12. Nh4 d4 13. cxd4 cxd4 14. Bd2 Nbc6 15. Na3 Rae8 16. g4 f5 17. gxf5 exf5 18. e5 Nd5 19. Nf3 a6 20. Kh1 b5 21.
Nc2 Qb6 22. Qf2 Rd8 23. Rg1 Nc7 24. h4 Ne6 25. h5 Ne7 26. Qh4 Qb7 27. Ne1 Kf7 28.
Bb4 Nd5 29. Bxf8 Rxf8 30. Rc1 Ndxf4 31. Rc2 Nxh5 32. Kh2 Nhf4 33. Ng5+ Nxg5 34. Qxf4 Ne6 35. Qf3 Bxe5+ 36. Kg2 Nf4+ 37. Kf1 Qd7 38. Rc6 Re8 39.
Rxa6 Bb8 40. Rb6 Nd5 41. Ra6 Re3 42. Qh1 Kg7 43. Qh5 Nf4 44. Qg5 Qe6 45. Rxe6 Rxe6 46. Qxf5 Rf6 47. Qd7+ Rf7 48. Qxd4+ 1-0

[Event "*** Titled Tuesday Blitz"]
[Site "Chess.com"]
[Date "2020.03.03"]
[Round "5"]
[White "wonderfultime"]
[Black "Zavgorodniy_Serg"]
[Result "1-0"]
[WhiteElo "3010"]
[BlackElo "2538"]
[TimeControl "180+1"]
[EndTime "9:52:16 PST"]
[Termination "wonderfultime won by resignation"]

1. d4 Nf6 2. Nf3 e6 3. Bf4 b6 4. e3 Bb7 5. Nbd2 g6 6. h3 Bg7 7. Be2 O-O 8. O-O d6 9. a4 a6 10. Bh2 Nbd7 11. c3 Qe7 12. Qb3 e5 13. dxe5 Nxe5 14.
Rfd1 Ne4 15. Qc2 Nxd2 16. Nxd2 f5 17. a5 b5 18. Bf1 Kh8 19. c4 bxc4 20. Nxc4 Nxc4 21.
Qxc4 Rab8 22. Rac1 Rfc8 23. b4 h6 24. Bg3 Kh7 25. Rd2 Qe8 26. h4 h5 27. Bf4 Bf6 28.
Bg3 Kg7 29. Bd3 Qf7 30. Qc2 Qe7 31. Qd1 Bxh4 32. Bxh4 Qxh4 33. Rdc2 Qe7 34. Qe2 Ra8 35. Rc4 c5 36. bxc5 dxc5 37. Qb2+ Kh7 38. Rxc5 Rxc5 39. Rxc5 Rd8 40. Bf1 Rd1 41. Qc2 Qd7 42. Rc7 1-0

[Event "*** Titled Tuesday Blitz"]
[Site "Chess.com"]
[Date "2020.03.03"]
[Round "5"]
[White "Eloist"]
[Black "Region_07"]
[Result "1-0"]
[WhiteElo "2253"]
[BlackElo "2393"]
[TimeControl "180+1"]
[EndTime "9:52:16 PST"]
[Termination "Eloist won on time"]

1. e4 Nc6 2. Nf3 d6 3. d4 Nf6 4.
Nc3 g6 5. Bb5 Bg7 6. d5 a6 7.
Ba4 b5 8. Nxb5 axb5 9. Bxb5 O-O 10. Bxc6 Rb8 11. Qd3 e6 12. O-O exd5 13. exd5 Bf5 14. Qd1 Ne4 15. Nd4 Bc8 16. Re1 Nc5 17. c3 Ba6 18. b4 Nd3 19. b5 Nxe1 20. bxa6 Bxd4 21. cxd4 Nxg2 22. Kxg2 Qh4 23. a7 Rbd8 24. Be3 f5 25. Qf3 f4 26. Bd2 g5 27. h3 h5 28. Rh1 Rf7 29. Qe4 Rg7 30. a8=Q Rxa8 31. Bxa8 g4 32. Qe8+ Kh7 33. Qe4+ Kg8 34. Kf1 g3 35. fxg3 Qxg3 36. Ke2 f3+ 37. Qxf3 Re7+ 38. Be3 Qg6 39. Bc6 Qc2+ 40.
Kf1 Rf7 41. Bf4 1-0

[Event "*** Titled Tuesday Blitz"]
[Site "Chess.com"]
[Date "2020.03.03"]
[Round "5"]
[White "GM-2023"]
[Black "secretsuperstar7"]
[Result "1-0"]
[WhiteElo "2049"]
[BlackElo "2215"]
[TimeControl "180+1"]
[EndTime "9:52:18 PST"]
[Termination "GM-2023 won by checkmate"]

1. e4 c5 2. Nf3 d6 3. d4 cxd4 4. Nxd4 Nf6 5. Nc3 Nc6 6. Bg5 e6 7. Qd3 a6 8. O-O-O Bd7 9. f4 Be7 10. Kb1 b5 11. Be2 b4 12. Nd5 exd5 13. exd5 Nxd4 14.
Qxd4 O-O 15. Bd3 h6 16. h4 Qc8 17. Rde1 Bd8 18. Qf2 Ng4 19. Qf3 f6 20. Qe4 f5 21.
Qf3 Bb6 22. Re7 Rf7 23. Rhe1 hxg5 24. hxg5 Rxe7 25. Rxe7 Qd8 26. Re1 Qf8 27. Qh3 Nf2 28. Qh5 Qf7 29. g6 Kf8 30. gxf7 Nxd3 31. cxd3 Bb5 32.
Qh8+ Kxf7 33. Qxa8 Bd4 34. Ka1 Bxd3 35. Qe8+ Kf6 36.
Qe6# 1-0